 Dungeon Crawl Stone Soup version 0.21.1-1-g345015fe64 (webtiles) character file.

115 LisaTheBanana the Shield-Bearer (level 5, -6/42 HPs)
             Began as a Formicid Fighter on Apr 8, 2018.
             Mangled by felirx's ghost (9 damage)
             ... on level 3 of the Dungeon.
             The game lasted 00:06:58 (1259 turns).

LisaTheBanana the Shield-Bearer (Formicid Fighter)  Turns: 1259, Time: 00:06:58

Health: -6/42      AC:  7    Str: 26    XL:     5   Next: 20%
Magic:  5/5        EV:  9    Int:  8    God:
Gold:   67         SH: 10    Dex: 10    Spells: 4/4 levels left

rFire    . . .     SeeInvis +   a - +0 long sword
rCold    . . .     Gourm    .   c - +0 shield
rNeg     . . .     Faith    .   b - +0 scale mail
rPois    .         Spirit   .   (helmet unavailable)
rElec    .         Reflect  .   (no cloak)
rCorr    .         Harm     .   (no gloves)
MR       .....                  (no boots)
Stlth    ..........             (no amulet)
HPRegen  0.14/turn              (no ring)
MPRegen  0.09/turn              (no ring)

@: mighty
A: permanent stasis, dig shafts and tunnels, four strong arms, antennae 3
a: Dig, Shaft Self


You were on level 3 of the Dungeon.
You were hungry.

You visited 1 branch of the dungeon, and saw 3 of its levels.

You collected 67 gold pieces.

Inventory:

Hand Weapons
 a - a +0 long sword (weapon)
Armour
 b - a +0 scale mail (worn)
 c - a +0 shield (worn)
 m - a +0 ring mail
Scrolls
 e - 4 scrolls of identify {unknown}
 g - a scroll of random uselessness {unknown}
 j - 2 scrolls of enchant weapon {unknown}
 l - a scroll of teleportation {unknown}
Potions
 d - a potion of might
 h - a potion of degeneration {unknown}
 i - a potion of curing {unknown}
 k - a potion of ambrosia {unknown}
Comestibles
 f - 4 rations


   Skills:
 + Level 3.8 Fighting
 + Level 3.3 Long Blades
 + Level 3.8 Armour
 + Level 1.1 Dodging
 + Level 4.4 Shields


You had 4 spell levels left.
You didn't know any spells.

Dungeon Overview and Level Annotations

Branches:
Dungeon (3/15)

Altars:

Annotations:
D:3 felirx's ghost, amateur DsGl


Innate Abilities, Weirdness & Mutations

You cannot be hasted, slowed, berserked, paralysed or teleported.
You can dig through walls and to a lower floor.
Your four strong arms can wield two-handed weapons with a shield.
You have a pair of large antennae on your head. (SInv)


Message History

You block felirx's ghost's attack.
You closely miss felirx's ghost.
Felirx's ghost is moderately damaged.
You feel sick. Felirx's ghost closely misses you.
You riposte.
You barely miss felirx's ghost.
Felirx's ghost is moderately damaged.
Felirx's ghost hits you.
* * * LOW HITPOINT WARNING * * *
You closely miss felirx's ghost.
Felirx's ghost is moderately damaged.
Felirx's ghost closely misses you.
You slash felirx's ghost!
Felirx's ghost is heavily damaged.
Felirx's ghost hits you but does no damage.
You closely miss felirx's ghost.
Felirx's ghost is heavily damaged.
You feel sick.
You are no longer poisoned.
Felirx's ghost hits you!
You die...

{ [.# ..##.#
#..... ≈≈. .....#
.#. #.##.# # ..
#.##.#.#
#.####.##...#
##..##[rW†...# ..
........@)#..#
#..###.##.......#
#............#.#
#####.###.####.#
#######<# #.# .#
........# #.# ..
#######.###.#
#......# ##.#####


You could see felirx's ghost and a rat.

Vanquished Creatures
  A worker ant (D:2)
  3 adders
  4 worms
  2 dart slugs
  2 leopard geckos
  3 orcs (D:3)
  7 bats
  2 giant cockroaches
  5 goblins
  4 hobgoblins (D:2)
  A quokka (D:3)
  5 frilled lizards
  5 kobolds
  5 rats
49 creatures vanquished.

Notes
Turn   | Place    | Note
-------+----------+-------------------------------------------
     0 | D:1      | LisaTheBanana the Formicid Fighter began the quest for the Orb.
     0 | D:1      | Reached XP level 1. HP: 18/18 MP: 1/1
    39 | D:1      | Reached XP level 2. HP: 23/24 MP: 2/2
   282 | D:1      | Reached skill level 4 in Shields
   301 | D:1      | Reached XP level 3. HP: 27/29 MP: 3/3
   693 | D:2      | Reached skill level 1 in Dodging
   693 | D:2      | Reached XP level 4. HP: 36/36 MP: 4/4
  1154 | D:3      | Reached XP level 5. HP: 42/42 MP: 5/5
  1244 | D:3      | Noticed felirx's ghost (amateur DsGl)
  1259 | D:3      | Mangled by felirx's ghost

Skill      XL: |  1  2  3  4 |
---------------+-------------+-----
Shields        | 4 |  4.4
Dodging        | 1 |  1.1
Long Blades    | 3 |  3.3
Fighting       | |  3.8
Armour         | |  3.8

Action                   |  1- 3 |  4- 6 || total
-------------------------+-------+-------++-------
Melee: Long sword        |    76 |   103 ||   179
 Abil: Dig               |       |     1 ||     1
  Use: Potion            |       |     1 ||     1
  Eat: Chunk             |       |     1 ||     1
Armor: Scale mail        |    43 |    36 ||    79
Dodge: Dodged            |    42 |    40 ||    82
Block: Shield            |    56 |    70 ||   126
       Rpst.: Long sword |    19 |    10 ||    29
